 Dungeon Crawl Stone Soup version 0.21.1-1-g345015f (webtiles) character file.

1908 gloomy the Skirmisher (level 8, -7/68 (71) HPs)
             Began as a Yellow Draconian Transmuter on May 3, 2018.
             Mangled by a wolf (9 damage)
             ... on level 1 of the Lair of Beasts.
             The game lasted 00:44:53 (9053 turns).

gloomy the Skirmisher (Yellow Draconian Transmuter) Turns: 9053, Time: 00:44:54

HP:   -7/68 (71)    AC:  9    Str: 13    XL:     8   Next: 94%
MP:   11/11         EV: 17    Int: 13    God:
Gold: 416           SH:  4    Dex: 14    Spells: 5/11 levels left

rFire    . . .     SeeInvis .   I - +2 dagger (venom)
rCold    . . .     Gourm    .   w - +0 buckler
rNeg     . . .     Faith    .   (armour unavailable)
rPois    .         Spirit   .   (helmet restricted)
rElec    .         Reflect  .   X - +0 cloak
rCorr    +         Harm     .   C - +0 pair of gloves
MR       .....                  m - +0 pair of boots
Stlth    ++........             (no amulet)
HPRegen  0.21/turn              r - ring of wizardry
MPRegen  0.12/turn              p - +5 ring of evasion

@: no status effects
A: spit acid, acid resistance, unfitting armour, cold-blooded, AC +6
a: Breathe Acid


You were on level 1 of the Lair of Beasts.
You were not hungry.

You visited 2 branches of the dungeon, and saw 9 of its levels.

You collected 416 gold pieces.

Inventory:

Hand Weapons
 d - a +0 hunting sling
 e - a +0 whip
 h - a +0 shortbow
 s - a +1 mace
 t - a +2 flail of protection
 x - a +0 dagger
 y - a +0 hunting sling
 F - a +0 vampiric dagger
 I - a +2 dagger of venom (weapon)
 L - a +0 blowgun
 P - a +0 short sword
 W - a +0 spear
Missiles
 a - 95 arrows
 f - 126 stones (quivered)
 H - 53 bolts
 S - 28 sling bullets
 T - 2 javelins
Armour
 m - a +0 pair of boots (worn)
 w - a +0 buckler (worn)
 B - a +1 helmet
 C - a +0 pair of gloves (worn)
 N - a +0 ring mail
 X - a +0 cloak (worn)
 Y - a +0 helmet
Jewellery
 n - an uncursed ring of resist corrosion
 p - a +5 ring of evasion (right hand)
 r - a ring of wizardry (left hand)
 u - a +3 ring of strength
 z - an uncursed ring of teleportation
Wands
 g - a wand of polymorph (14)
Scrolls
 i - 2 scrolls of teleportation
 k - a scroll of random uselessness
 l - 3 scrolls of remove curse
 A - a scroll of amnesia
 E - a scroll of enchant armour {unknown}
 O - 11 scrolls of identify
 Q - 2 scrolls of enchant weapon
 R - 3 scrolls of immolation
Potions
 j - a potion of cancellation
 q - 2 potions of haste
 v - a potion of might
 D - a potion of curing
 J - a potion of degeneration
 V - a potion of magic
Books
 b - a book of Changes

   Spells                             Type                      Level
   a - Beastly Appendage              Transmutation                1
   b - Sticks to Snakes               Transmutation                2
   c - Spider Form                    Transmutation/Poison         3
   d - Ice Form                       Ice/Transmutation            4
   e - Blade Hands                    Transmutation                5
 o - a book of Misfortune

   Spells                             Type                      Level
   a - Confusing Touch                Hexes                        1
   b - Confuse                        Hexes                        3
   c - Gell's Gravitas                Translocation                3
   d - Petrify                        Transmutation/Earth          4
   e - Metabolic Englaciation         Hexes/Ice                    5
   f - Yara's Violent Unravelling     Hexes/Transmutation          5
Comestibles
 c - 4 rations


   Skills:
 * Level 6.5 Fighting
 + Level 4.0 Short Blades
 + Level 4.0 Maces & Flails
 + Level 3.7 Bows
 + Level 0.3 Throwing
 - Level 2.1 Dodging
 + Level 2.5 Stealth
 + Level 1.2 Shields
 + Level 3.6 Unarmed Combat
 + Level 2.4 Spellcasting
 * Level 5.1 Transmutations


You had 5 spell levels left.
You knew the following spells:

 Your Spells              Type           Power        Failure   Level  Hunger
a - Beastly Appendage     Tmut           ##....       1%          1    #......
b - Yara's Violent Unrav  Hex/Tmut       #.........   75%         5    ######.


Dungeon Overview and Level Annotations

Branches:
Dungeon (8/15)             Temple (0/1) D:5            Lair (1/6) D:8

Altars:
Cheibriados
Elyvilon
Okawaru
Yredelemnul
Zin


Innate Abilities, Weirdness & Mutations

You can spit globs of acid.
You are resistant to acid.
Your golden yellow scales are hard. (AC +6)
You cannot fit into any form of body armour.
You are cold-blooded and may be slowed by cold attacks.


Message History

Okay, then.
Okay, then.
The wolf bites you.
* * * LOW HITPOINT WARNING * * *
You kill the wolf!
Your Short Blades skill increases to level 4!
The wolf bites you!
* * * LOW HITPOINT WARNING * * *
You block the wolf's attack. The wolf bites you but does no damage.
The wolf closely misses you. The wolf bites you.
* * * LOW HITPOINT WARNING * * *
The wolf closely misses you.
Found a sedimented brown potion.
You hit the wolf.
The wolf is poisoned.
Your tail-slap misses the wolf.
The wolf is lightly wounded.
The wolf splashes around in the water.
The wolf bites you!
* * * LOW HITPOINT WARNING * * *
The wolf bites you!
You die...

#..# .# #..+.. .
#..#. .. #... ...
#..# .... %%
#..#...... ...
##..#.....!
..%###+##.h@.......
.......†..h≈≈≈≈.#..
...)....≈≈≈≈≈≈≈....
........≈≈≈≈≈≈≈≈...
.......≈≈≈≈≈≈≈≈≈≈..
........≈≈≈≈≈≈≈≈≈..
.........≈≈.≈≈≈≈≈.#
######.#.≈.<.≈≈≈≈..
#..##..........


You could see 2 wolves.

Vanquished Creatures
  A water moccasin (D:7)
  An orc warrior (D:5)
  2 ice beasts
  A black bear (D:6)
  A phantom (D:7)
  A necrophage (D:6)
  2 centaurs
  A wolf (Lair:1)
  A bullfrog (D:7)
  2 scorpions (D:7)
  4 howler monkeys
  An electric eel (Lair:1)
  4 crimson imps
  A hound (D:4)
  A jelly (D:6)
  3 orc wizards
  A centaur skeleton (D:4)
  3 worker ants
  A hound skeleton (D:8)
  2 worker ant zombies (D:5)
  A howler monkey skeleton (D:7)
  13 adders
  A shadow imp (D:7)
  An ooze (D:1)
  3 adder skeletons
  5 worms
  2 dart slugs
  5 leopard geckos
  11 orcs
  4 bats
  2 giant cockroaches
  7 goblins
  A hobgoblin (D:1)
  5 jackals
  6 kobolds
  A quokka (D:5)
  6 ball pythons
  7 frilled lizards
  A giant cockroach zombie (D:5)
  A leopard gecko skeleton (D:6)
  A quokka zombie (D:8)
  5 rats
  A withered plant (D:6)
124 creatures vanquished.

Vanquished Creatures (others)
  A plant (Lair:1)
1 creature vanquished.

Grand Total: 125 creatures vanquished

Notes
Turn   | Place    | Note
-------+----------+-------------------------------------------
     0 | D:1      | gloomy the Draconian Transmuter began the quest for the Orb.
     0 | D:1      | Reached XP level 1. HP: 16/16 MP: 3/3
   570 | D:1      | You fall through a shaft!
   586 | D:2      | Reached XP level 2. HP: 12/23 MP: 5/5
  1032 | D:2      | Reached XP level 3. HP: 10/28 MP: 6/6
  1542 | D:1      | Reached skill level 1 in Maces & Flails
  2294 | D:2      | Reached XP level 4. HP: 35/35 MP: 7/7
  2635 | D:2      | Found a white marble altar of Elyvilon.
  2636 | D:2      | Found an iron altar of Okawaru.
  2966 | D:3      | Reached skill level 2 in Fighting
  3217 | D:3      | Found a glowing silver altar of Zin.
  3217 | D:3      | Noticed an angel
  3639 | D:4      | Reached XP level 5. HP: 27/42 MP: 8/8
  4127 | D:4      | Reached skill level 3 in Fighting
  4267 | D:4      | Learned a level 5 spell: Yara's Violent Unravelling
  4328 | D:4      | Reached skill level 1 in Stealth
  5001 | D:4      | Reached XP level 6. HP: 51/51 MP: 9/9
  5330 | D:5      | Entered Level 5 of the Dungeon
  5387 | D:5      | Noticed an orc warrior
  5400 | D:5      | Killed an orc warrior
  5402 | D:5      | Reached skill level 4 in Fighting
  5402 | D:5      | Reached skill level 1 in Short Blades
  5555 | D:5      | Your scales start taking on a golden yellow colour.
  5555 | D:5      | Reached XP level 7. HP: 34/59 MP: 10/10
  5872 | D:5      | Found a staircase to the Ecumenical Temple.
  5885 | D:5      | Found a snail-covered altar of Cheibriados.
  6389 | D:6      | Reached skill level 1 in Bows
  6518 | D:6      | Found a basalt altar of Yredelemnul.
  6786 | D:6      | Reached skill level 5 in Fighting
  7006 | D:6      | Reached XP level 8. HP: 65/65 MP: 11/11
  8392 | D:7      | Reached skill level 6 in Fighting
  8702 | D:8      | Reached skill level 1 in Shields
  8702 | D:8      | Reached skill level 5 in Transmutations
  8723 | D:8      | Found a staircase to the Lair.
  8948 | Lair:1   | Entered Level 1 of the Lair of Beasts
  8948 | Lair:1   | Noticed a komodo dragon
  9053 | Lair:1   | HP: 2/68 [wolf (7)]
  9053 | Lair:1   | Mangled by a wolf

Skill      XL: |  1  2  3  4  5  6  7  8 |
---------------+-------------------------+-----
Dodging        | 2 |  2.1
Maces & Flails | 1 2 3 4 |  4.0
Fighting       | 2 3 4 5 6 |  6.5
Stealth        | 1 2 |  2.5
Transmutations | 3 4 5 |  5.1
Short Blades   | 1 4 |  4.0
Bows           | 3 |  3.7
Shields        | 1 |  1.2
Throwing       | |  0.3
Unarmed Combat | |  3.6
Spellcasting   | |  2.4

Action                   |  1- 3 |  4- 6 |  7- 9 || total
-------------------------+-------+-------+-------++-------
Melee: Unarmed           |    19 |       |       ||    19
       Whip              |   110 |       |       ||   110
       Tailslap          |    11 |    27 |    69 ||   107
       Mace              |     1 |   211 |       ||   212
       Punch             |       |     3 |     4 ||     7
       Dagger            |       |    83 |   323 ||   406
       Kick              |       |     2 |       ||     2
       Flail             |       |       |    10 ||    10
 Fire: Shortbow          |       |       |    63 ||    63
Throw: Stone             |       |     5 |     4 ||     9
 Cast: Beastly Appendage |       |     1 |       ||     1
  Use: Potion            |     4 |     6 |     2 ||    12
       Scroll            |     5 |     8 |     3 ||    16
 Stab: Sleeping          |     3 |       |       ||     3
       Distracted        |       |       |     1 ||     1
  Eat: Chunk             |     3 |     2 |     5 ||    10
       Ration            |     1 |     2 |     2 ||     5
Armor: Skin              |    45 |    95 |    62 ||   202
Dodge: Dodged            |    87 |   302 |   231 ||   620
Block: Buckler           |       |       |    26 ||    26
